 Dungeon Crawl Stone Soup version 0.28.0-45-g0d030f2227 (webtiles) character file.

Game seed: 4820882495551484907

1911 protoss039 the Skirmisher (level 8, -3/64 HPs)
             Began as a Demonspawn Conjurer on May 14, 2022.
             Was a Follower of Vehumet.
             Slain by an orc warrior
             ... wielding a +0 glaive
              (13 damage)
             ... on level 6 of the Dungeon.
             The game lasted 00:12:14 (7240 turns).

protoss039 the Skirmisher (Demonspawn Conjurer)     Turns: 7240, Time: 00:12:14

Health: -3/64      AC:  4    Str:  8    XL:     8   Next: 95%
Magic:  10/16      EV: 11    Int: 22    God:    Vehumet [*.....]
Gold:   235        SH:  5    Dex: 11    Spells: 12/18 levels left

rFire   . . .      SeeInvis +   f - staff of conjuration
rCold   + + .      Faith    .   o - +0 buckler
rNeg    + + +      Spirit   .   s - +1 robe "Kyidouma" {rC+ rN+++ Slay-6 SInv}
rPois   .          Reflect  .   (no helmet)
rElec   .          Harm     .   (no cloak)
rCorr   .          Rampage  .   B - +0 pair of gloves
Will    .....                   (no boots)
Stlth   ++........              (no amulet)
HPRegen 0.20/turn               t - ring of protection from cold
MPRegen 0.15/turn               (no ring)

@: no status effects
A: claws 2, ignite blood 2
a: Renounce Religion


You were on level 6 of the Dungeon.
You worshipped Vehumet.
Vehumet was aware of your devotion.
You visited 1 branch of the dungeon, and saw 6 of its levels.

You collected 259 gold pieces.
You spent 24 gold pieces at shops.

Inventory:

Hand Weapons
 a - a +2 short sword of venom
Armour
 o - a +0 buckler (worn)
 s - the +1 robe "Kyidouma" (worn) {rC+ rN+++ Slay-6 SInv}
   (You found it on level 4 of the Dungeon)

   Slay:      It affects your accuracy & damage with ranged weapons and melee
   (-6).
   rC:        It protects you from cold.
   rN:        It renders you almost immune to negative energy.
   SInv:      It lets you see invisible.
 B - a +0 pair of gloves (worn)
Magical Staves
 f - a staff of conjuration (weapon)
Jewellery
 t - a ring of protection from cold (left hand)
 A - a ring of ice
Scrolls
 g - a scroll of amnesia {unknown}
 h - a scroll of summoning {unknown}
 i - 3 scrolls of fog
 l - 2 scrolls of blinking
 m - a scroll of vulnerability {unknown}
 u - a scroll of fear {unknown}
 v - 2 scrolls of teleportation {unknown}
 w - a scroll of enchant armour {unknown}
 y - 2 scrolls of enchant weapon {unknown}
 C - a scroll of brand weapon {unknown}
Potions
 c - a potion of haste {unknown}
 d - 2 potions of might {unknown}
 e - a potion of heal wounds
 j - 2 potions of brilliance {unknown}
 k - a potion of degeneration {unknown}
 n - 2 potions of curing {unknown}
 p - 2 potions of resistance
 q - a potion of mutation {unknown}
 r - a potion of lignification {unknown}
 x - a potion of flight {unknown}
 z - a potion of magic {unknown}


   Skills:
 * Level 6.1 Fighting
 - Level 3.0 Armour
 - Level 1.7 Dodging
 - Level 1.7 Stealth
 * Level 4.6 Shields
 * Level 5.7 Spellcasting
 + Level 5.9 Conjurations


You had 12 spell levels left.
You knew the following spells:

 Your Spells              Type           Power      Damage    Failure   Level
a - Magic Dart            Conj           100%       1d8       1%          1
b - Searing Ray           Conj           98%        2d8       1%          2
c - Dazzling Flash        Conj/Hex       58%        N/A       11%         3

Your spell library contained the following spells:

 Spells                   Type           Power      Damage    Failure   Level
 Shock                    Conj/Air       100%       1d9       3%          1
 Foxfire                  Conj/Fire      100%       2x1d9     3%          1
 Conjure Flame            Conj/Fire      29%        6-21      11%         3
 Scorch                   Fire           12%        2d6       19%         2
 Gell's Gravitas          Tloc           6%         N/A       34%         3
 Inner Flame              Hex/Fire       6%         N/A       34%         3
 Teleport Other           Tloc           6%         N/A       34%         3
 Flame Wave               Conj/Fire      29%        2d8       34%         4
 Fulminant Prism          Conj/Hex       14%        3d9       34%         4
 Iskenderun's Mystic Bla  Conj/Tloc      29%        2d7       34%         4
 Dispersal                Tloc           3%         N/A       100%        6
 Summon Cactus Giant      Summ           3%         N/A       100%        6


Dungeon Overview and Level Annotations

Branches:
Dungeon (6/15)             Temple (0/1) D:4

Altars:
Elyvilon
Okawaru
Ru
Vehumet
Zin

Shops:
D:1 ?


Innate Abilities, Weirdness & Mutations

You have very sharp fingernails.
Your demonic aura often causes spilled blood to erupt in flames.


Message History

Aim: an orc warrior, wielding a +0 glaive, wearing a +0 plate armour and quivering boomerangs (wandering, hasn't noticed you, 83% to hit)
You feel a surge of power!
The searing ray hits the orc warrior.
The orc warrior is lightly wounded.
The orc warrior shouts! (Press . to maintain the ray.)
The searing ray hits the orc warrior.
The orc warrior is moderately wounded.
The orc warrior closely misses you.
The searing ray hits the orc warrior.
The orc warrior is heavily wounded.
The orc warrior barely misses you.
The searing ray hits the orc warrior.
The orc warrior is heavily wounded.
You finish channelling your searing ray.
The orc warrior hits you from afar with a +0 glaive!
Unknown command.
Unknown command.
The orc warrior closely misses you.
Unknown command.
Casting: Searing Ray (safe; 1% risk of failure)
Confirm with . or Enter, or press ? or * to list all spells.
Aiming: Searing Ray (safe; 1% risk of failure)
Press: ? - help, Shift-Dir - straight line, f/p - orc warrior
Aim: an orc warrior, wielding a +0 glaive, wearing a +0 plate armour and quivering boomerangs (heavily wounded, 83% to hit)
You feel a surge of power!
The searing ray hits the orc warrior but does no damage.
The orc warrior is heavily wounded. (Press . to maintain the ray.)
The orc warrior hits you from afar with a +0 glaive!
The orc warrior hits you with a +0 glaive!
Unknown command.
Unknown command.
Unknown command.
The orc warrior hits you with a +0 glaive!!
* * * LOW HITPOINT WARNING * * *
Unknown command.
Unknown command.
Unknown command.
The orc warrior hits you from afar with a +0 glaive!
You die...

....#....####### .#
#.#.#†##........ .#
......##@########.#
.##.#.##.##### #..#
.##.#.##.....###..#
.........#.....#..#
##.##...##.....#..#
#.##.............#
#.##..###.....#@.#
#.##..###.....#..#
#.##..........o○°#
##...(....)....##☼#
#.............###°#
......######.####.##
......# #.......#
≈._.≈.# #.####..#
......# #.# ##..#


You could see an orc warrior.

Vanquished Creatures
  Grinder (D:5)
  Edmund (D:6)
  A water moccasin (D:6)
  2 black bears
  An ice beast (D:4)
  An ogre (D:5)
  3 necrophages
  A centaur (D:5)
  2 phantoms
  A scorpion (D:4)
  A water moccasin skeleton (D:5)
  A howler monkey (D:4)
  2 centaur zombies (D:6)
  A jelly (D:6)
  4 bullfrog zombies
  An orc priest (D:6)
  A hound (D:6)
  2 iguanas (D:4)
  An orc wizard (D:6)
  A killer bee zombie (D:5)
  A howler monkey zombie (D:6)
  3 adders
  2 white imps (D:6)
  An adder skeleton (D:4)
  A worm (D:2)
  7 orcs
  7 ball pythons
  4 bats
  3 endoplasms
  3 giant cockroaches
  8 goblins
  10 hobgoblins
  8 jackals
  5 quokkas
  3 frilled lizards
  5 kobolds
  4 rats
104 creatures vanquished.

Notes
Turn   | Place    | Note
-------+----------+-------------------------------------------
     0 | D:1      | protoss039 the Demonspawn Conjurer began the quest for the
                  | Orb.
     0 | D:1      | Reached XP level 1. HP: 13/13 MP: 3/3
   208 | D:1      | Reached skill level 1 in Fighting
   217 | D:1      | Gained mutation: You have sharp fingernails. [demonic
                  | ancestry]
   217 | D:1      | Reached XP level 2. HP: 17/21 MP: 0/5
   429 | D:1      | Found Bidgh's Magic Scroll Boutique.
  1177 | D:1      | Bought a scroll of identify for 24 gold pieces
  1222 | D:2      | Learned a level 2 spell: Searing Ray
  1385 | D:2      | Gained mutation: Your demonic aura sometimes causes spilled
                  | blood to erupt in flames. [demonic ancestry]
  1385 | D:2      | Reached XP level 3. HP: 27/27 MP: 3/6
  1633 | D:2      | Found an iron altar of Okawaru.
  1715 | D:2      | Reached skill level 2 in Fighting
  2789 | D:3      | Gained mutation: Your demonic aura often causes spilled
                  | blood to erupt in flames. [demonic ancestry]
  2789 | D:3      | Reached XP level 4. HP: 25/34 MP: 0/8
  3093 | D:3      | Found a faded altar of an unknown god.
  3304 | D:3      | Learned a level 3 spell: Dazzling Flash
  3310 | D:4      | Noticed Edmund
  3744 | D:4      | Reached skill level 3 in Fighting
  3744 | D:4      | Reached XP level 5. HP: 41/41 MP: 5/9
  3754 | D:4      | Identified the +1 robe "Kyidouma" {rC+ rN+++ Slay-6 SInv}
  3908 | D:4      | Found a radiant altar of Vehumet.
  3937 | D:4      | Became a worshipper of Vehumet
  3963 | D:4      | Noticed a necrophage
  3995 | D:3      | Killed a necrophage
  3996 | D:3      | Reached skill level 1 in Shields
  4124 | D:4      | Found a staircase to the Ecumenical Temple.
  4127 | D:4      | Noticed a phantom
  4135 | D:4      | Killed a phantom
  4136 | D:4      | Reached XP level 6. HP: 41/48 MP: 4/11
  4398 | D:4      | Reached skill level 1 in Armour
  4541 | D:4      | Noticed an ice beast
  4550 | D:4      | Killed an ice beast
  4551 | D:4      | Reached skill level 4 in Fighting
  4710 | D:4      | Reached skill level 5 in Conjurations
  4964 | D:4      | Found a sacrificial altar of Ru.
  5016 | D:5      | Entered Level 5 of the Dungeon
  5016 | D:5      | Noticed Grinder
  5025 | D:5      | Killed Grinder
  5026 | D:5      | Reached XP level 7. HP: 48/55 MP: 1/13
  5533 | D:5      | Reached skill level 5 in Fighting
  5533 | D:5      | Gained mutation: You have very sharp fingernails. [demonic
                  | ancestry]
  5533 | D:5      | Reached XP level 8. HP: 40/62 MP: 8/15
  6177 | D:6      | Reached * piety under Vehumet
  6177 | D:6      | Offered knowledge of Shock by Vehumet.
  6178 | D:6      | Reached skill level 5 in Spellcasting
  6774 | D:6      | Noticed a brown ugly thing
  6779 | D:6      | HP: 3/64 [acid (10)]
  6930 | D:6      | Reached skill level 6 in Fighting
  7156 | D:6      | Killed Edmund
  7240 | D:6      | Slain by an orc warrior

Illustrated notes

Levels and vault maps discovered:
D:1:      minmay_arrival_four_loops, layout_basic, serial_shops, shop,
          st_stairs_5
D:2:      layout_loops_corners, basic_altar, minmay_3d_cube
D:3:      layout_rooms, hellmonk_ecumenical_altar_crossroads
D:4:      layout_basic, mainiacjoe_overflow_alcove_2, nicolae_ru_path_of_blood,
          vehumet_crystals, minmay_temple_entry_nine_rooms, uniq_edmund
D:5:      layout_cave_pools, uniq_grinder
D:6:      minmay_cornered_nines, layout_loops_ring,
          mainiacjoe_overflow_tiny_flanked, minmay_diced_spiral

Skill      XL: |  1  2  3  4  5  6  7  8 |
---------------+-------------------------+-----
Fighting       | 1 2 3 4 5 6 |  6.1
Spellcasting   | 3 4 5 |  5.7
Shields        | 1 2 3 4 |  4.6
Armour         | 1 2 3 |  3.0
Conjurations   | 5 |  5.9
Dodging        | |  1.7
Stealth        | |  1.7

Action                   |  1- 3 |  4- 6 |  7- 9 || total
-------------------------+-------+-------+-------++-------
Melee: Dagger            |    15 |       |       ||    15
       Staff             |     6 |     5 |     4 ||    15
       Short sword       |       |       |     4 ||     4
 Cast: Magic Dart        |    45 |    79 |    30 ||   154
       Searing Ray       |    18 |     5 |    28 ||    51
  Use: Scroll            |     1 |       |     3 ||     4
       Potion            |       |       |     2 ||     2
Armor: Robe              |     5 |     4 |     6 ||    15
Dodge: Dodged            |    25 |    24 |    21 ||    70
Block: Buckler           |       |     2 |    16 ||    18
